[Event "SS Manhem Chess Week GM and IM tournaments 2018"]
[Site "Molnlycke kulturhus, Biblioteksgatan 2, Molnlycke, Sweden"]
[Date "2018.08.15"]
[Round "7.7"]
[White "Storme, Isak"]
[Black "Mikalsen, Erlend"]
[Result "0-1"]
[TimeControl "90 minutes for 40 moves + 30 minutes for the rest of the game + 30 seconds per move from move one."]
[WhiteTitle "FM"]
[BlackTitle "FM"]
[WhiteFideId "1728113"]
[BlackFideId "1507338"]
[WhiteElo "2279"]
[BlackElo "2289"]

1. e4 c5 2. Nf3 d6 3. d4 cxd4 4. Nxd4 Nf6 5. Nc3 Nc6 6. Bg5 e6 7. Qd2 a6 8. O-O-O h6 9. Nxc6 bxc6 10.
Bf4 d5 11. Qe3 Be7 12. Kb1 a5 13. h4 Ba6 14. exd5 cxd5 15. Nb5 Rc8 16. Nc7+ Rxc7 17. Bxc7 Qxc7 18. Bxa6 O-O 19. f3 Rb8 20.
a4 Rb4 21. c3 Rxa4 22. Bb5 Rf4 23. g3 Rf5 24. g4 Re5 25. Qd3 Bc5 26. Rde1 Rxe1+ 27. Rxe1 Qg3 28. Rh1 h5 29. g5 Nh7 30.
f4 Qxf4 31. Rf1 Qxh4 32. g6 fxg6 33. Qxg6 Qe4+ 34. Bd3 Qxg6 35. Bxg6 Nf6 36. Re1 h4 37. Rxe6 h3 38. Rxf6 gxf6 39.
Bf5 h2 40. Be6+ Kg7 41. Bxd5 Kg6 42. b4 Bxb4 43. cxb4 axb4 44. Kb2 Kf5 45. Kb3 Kf4 46. Kxb4 Ke3 47. Kc3 f5 48. Kc2 f4 0-1

[Event "SS Manhem Chess Week GM and IM tournaments 2018"]
[Site "Molnlycke kulturhus, Biblioteksgatan 2, Molnlycke, Sweden"]
[Date "2018.08.15"]
[Round "7.8"]
[White "Pantzar, Milton"]
[Black "Hobber, Anders"]
[Result "0-1"]
[TimeControl "90 minutes for 40 moves + 30 minutes for the rest of the game + 30 seconds per move from move one."]
[WhiteTitle "FM"]
[BlackTitle "FM"]
[WhiteFideId "1721003"]
[BlackFideId "1505424"]
[WhiteElo "2306"]
[BlackElo "2314"]

1. Nf3 d5 2. g3 c6 3. Bg2 Bg4 4. c4 e6 5. O-O Nf6 6. d4 Be7 7. Ne5 Bf5 8. Nc3 O-O 9. Bf4 Nbd7 10.
Qb3 Nxe5 11. dxe5 Nd7 12. e4 Nc5 13. Qc2 dxe4 14. Qe2 Qd3 15. Rfe1 e3 16. Bxe3 Qxe2 17. Rxe2 Rfd8 18. b3 Rd3 19.
Rc1 Rad8 20. Ree1 Nd7 21. Bxa7 Bb4 22. Red1 Nxe5 23. Bb6 R8d7 24. Rxd3 Nxd3 25. Rc2 Ne5 26. Be4 Nf3+ 27. Bxf3 Bxc2 0-1

[Event "SS Manhem Chess Week GM and IM tournaments 2018"]
[Site "Molnlycke kulturhus, Biblioteksgatan 2, Molnlycke, Sweden"]
[Date "2018.08.15"]
[Round "7.9"]
[White "Antonsen, Mikkel"]
[Black "Kucuksari, Kaan"]
[Result "1-0"]
[TimeControl "90 minutes for 40 moves + 30 minutes for the rest of the game + 30 seconds per move from move one."]
[WhiteTitle "IM"]
[BlackTitle "FM"]
[WhiteFideId "1401378"]
[BlackFideId "6380166"]
[WhiteElo "2444"]
[BlackElo "2329"]

1. d4 Nf6 2. c4 e6 3. Nc3 Bb4 4. Qc2 O-O 5. Nf3 c5 6. dxc5 Na6 7. g3 Nxc5 8. Bg2 Nce4 9. O-O Nxc3 10.
bxc3 Be7 11. e4 d6 12. e5 dxe5 13. Nxe5 Qc7 14. Qe2 Nd7 15. Bf4 Bd6 16. Rfe1 Nxe5 17. Bxe5 Bxe5 18. Qxe5 Qxe5 19.
Rxe5 Rb8 20. Ra5 Bd7 21. Rxa7 Bc6 22. Bxc6 bxc6 23. Rd1 Rfd8 24. Rxd8+ Rxd8 25. Kf1 g5 26. Ke2 Kg7 27. a4 Kf6 28.
a5 Rb8 29. Ke3 Rb2 30. a6 Ra2 31. Kd4 Ra5 32. Ra8 g4 33. a7 Kf5 34. Rc8 Rxa7 35. Rxc6 Ra2 36. c5 Rxf2 37. Rd6 Rd2+ 38.
Kc4 Rb2 39. c6 Rb8 40. Kc5 Ke5 41. c7 1-0

[Event "SS Manhem Chess Week GM and IM tournaments 2018"]
[Site "Molnlycke kulturhus, Biblioteksgatan 2, Molnlycke, Sweden"]
[Date "2018.08.15"]
[Round "7.10"]
[White "Ernst, Thomas"]
[Black "Nedilko, Vasily"]
[Result "0-1"]
[TimeControl "90 minutes for 40 moves + 30 minutes for the rest of the game + 30 seconds per move from move one."]
[WhiteTitle "GM"]
[BlackTitle "IM"]
[WhiteFideId "1700065"]
[BlackFideId "14101459"]
[WhiteElo "2346"]
[BlackElo "2369"]

1. e4 c5 2. Nf3 d6 3. d4 cxd4 4. Nxd4 Nf6 5. Nc3 a6 6. Bg5 Nbd7 7. f4 g6 8. Qf3 Bg7 9. O-O-O Qc7 10.
Be2 h6 11. Bh4 O-O 12. Rhe1 e5 13. fxe5 dxe5 14. Nb3 b5 15. a3 Bb7 16. Bd3 Rac8 17. Rf1 Qb6 18. Bf2 Qe6 19. Kb1 Rc7 20.
h3 Rfc8 21. Be1 Nb6 22. Qe2 Nh5 23. g3 Qxh3 24. Na5 Ba8 25. Nd5 Nxd5 26. exd5 Bxd5 27. Bxg6 fxg6 28. Rxd5 Rxc2 0-1

[Event "SS Manhem Chess Week GM and IM tournaments 2018"]
[Site "Molnlycke kulturhus, Biblioteksgatan 2, Molnlycke, Sweden"]
[Date "2018.08.16"]
[Round "8.2"]
[White "Brynell, Stellan"]
[Black "Rozentalis, Eduardas"]
[Result "1/2-1/2"]
[TimeControl "90 minutes for 40 moves + 30 minutes for the rest of the game + 30 seconds per move from move one."]
[WhiteTitle "GM"]
[BlackTitle "GM"]
[WhiteFideId "1700219"]
[BlackFideId "12800023"]
[WhiteElo "2391"]
[BlackElo "2503"]

1. d4 Nf6 2. c4 e6 3. Nf3 Bb4+ 4. Bd2 a5 5. g3 c5 6. Bg2 cxd4 7. Nxd4 Nc6 8. Nb5 d5 9. O-O dxc4 10.
Bxb4 axb4 11. Qxd8+ Kxd8 12. Nd2 Ke7 13. Nxc4 Bd7 14. Rfd1 Na5 15. Nbd6 Nxc4 16. Nxc4 Bb5 17. Rac1 Rac8 18.
Nb6 Rxc1 19. Rxc1 Rd8 20. a4 bxa3 21. bxa3 Bxe2 22. Bxb7 Rd2 23. a4 Ra2 24. h3 Ne8 25. Kg2 g5 26.
Bf3 Bxf3+ 27. Kxf3 f5 28. Ke3 h5 29. f3 Nf6 30. Rc7+ Kd6 31. Rf7 Nd5+ 32. Nxd5 Ra3+ 33. Ke2 Kxd5 34.
Rg7 Ra2+ 35. Ke3 f4+ 36. gxf4 Ra3+ 37. Ke2 gxf4 38. Rd7+ Ke5 39. Ra7 h4 40. Ra8 Re3+ 41. Kf2 Rc3 42.
Ke2 Ra3 43. Ra7 Kd4 1/2-1/2

[Event "SS Manhem Chess Week GM and IM tournaments 2018"]
[Site "Molnlycke kulturhus, Biblioteksgatan 2, Molnlycke, Sweden"]
[Date "2018.08.16"]
[Round "8.3"]
[White "Johansson, Linus"]
[Black "Gritsak, Orest"]
[Result "1/2-1/2"]
[TimeControl "90 minutes for 40 moves + 30 minutes for the rest of the game + 30 seconds per move from move one."]
[WhiteTitle "IM"]
[BlackTitle "GM"]
[WhiteFideId "1711113"]
[BlackFideId "14102188"]
[WhiteElo "2457"]
[BlackElo "2464"]

1. d4 d6 2. Nf3 g6 3. g3 Bg7 4. Bg2 Nd7 5. O-O e5 6. e4 Ngf6 7. Nc3 O-O 8. h3 c6 9. a4 a5 10.
Bg5 h6 11. Be3 Re8 12. Qd2 Kh7 13. Rad1 b6 14. Rfe1 Ba6 15. Nh2 Qc7 16. Ng4 h5 17. Nxf6+ Nxf6 18. d5 c5 19. Bf1 Bc8 20. Kh2 Ng8 21. Bb5 Rf8 22. Bc6 Rb8 23.
f4 Qe7 24. Rf1 f5 25. fxe5 Bxe5 26. Bg5 Qg7 27. exf5 Bxf5 28. Rde1 Nh6 29. Rxe5 dxe5 30. d6 Ng8 31. Re1 Rf7 32.
Bd5 Rd7 33. Bc6 Rf7 34. Bd5 Rd7 35. Bc6 1/2-1/2

[Event "SS Manhem Chess Week GM and IM tournaments 2018"]
[Site "Molnlycke kulturhus, Biblioteksgatan 2, Molnlycke, Sweden"]
[Date "2018.08.16"]
[Round "8.5"]
[White "Schneider, Stefan"]
[Black "Lindberg, Bengt"]
[Result "0-1"]
[TimeControl "90 minutes for 40 moves + 30 minutes for the rest of the game + 30 seconds per move from move one."]
[WhiteTitle "IM"]
[BlackTitle "IM"]
[WhiteFideId "1703013"]
[BlackFideId "1700359"]
[WhiteElo "2399"]
[BlackElo "2416"]

1. d4 Nf6 2. c4 e6 3. Nf3 c5 4. d5 d6 5. Nc3 exd5 6. cxd5 g6 7. Bf4 a6 8. a4 Bg7 9. h3 O-O 10.
e3 Qe7 11. Be2 Nfd7 12. Bg5 Qe8 13. O-O f5 14. Nd2 Ne5 15. Bf4 Nbd7 16. Qc2 Qe7 17. Rae1 Rb8 18. Bg3 Nf6 19. f4 Nf7 20.
Bd3 b5 21. b3 Qd8 22. e4 b4 23. Nd1 fxe4 24. Bc4 Nh6 25. Nxe4 Nxe4 26. Qxe4 Nf5 27. Bf2 a5 28. Qd3 Nd4 29.
Qg3 Rb7 30. Kh1 Rbf7 31. Bxd4 Bxd4 32. Re6 Kh8 33. Ne3 Rg7 34. Qf3 Qh4 35. Ng4 Rgf7 36. Qe4 h5 37. Nh2 Bxe6 38. dxe6 Rxf4 39.
Rxf4 Rxf4 40. Qa8+ Kg7 41. Qb7+ Kh6 42. Nf3 Qf2 43. Kh2 Rxf3 44. Qxf3 Qg1+ 45. Kg3 Qe1+ 46. Kh2 Bg1+ 47. Kh1 Bf2+ 0-1

[Event "SS Manhem Chess Week GM and IM tournaments 2018"]
[Site "Molnlycke kulturhus, Biblioteksgatan 2, Molnlycke, Sweden"]
[Date "2018.08.16"]
[Round "8.7"]
[White "Hobber, Anders"]
[Black "Ernst, Thomas"]
[Result "0-1"]
[TimeControl "90 minutes for 40 moves + 30 minutes for the rest of the game + 30 seconds per move from move one."]
[WhiteTitle "FM"]
[BlackTitle "GM"]
[WhiteFideId "1505424"]
[BlackFideId "1700065"]
[WhiteElo "2314"]
[BlackElo "2346"]

1. d4 Nf6 2. Nf3 g6 3. Nc3 d5 4. Bf4 Bg7 5. Nb5 Na6 6. e3 O-O 7. h3 c5 8. c3 cxd4 9. exd4 Bf5 10.
Be2 Be4 11. O-O Bxf3 12. Bxf3 Qd7 13. a4 Rfd8 14. Re1 e6 15. Qd2 Ne8 16. Be2 Nac7 17. Bd3 a6 18. Nxc7 Nxc7 19. h4 Ne8 20.
h5 Nf6 21. hxg6 hxg6 22. Bg5 Re8 23. a5 Qc6 24. Qf4 Nd7 25. Qh4 e5 26. Re3 exd4 27. Rh3 dxc3 28. Qh7+ Kf8 29. Bh6 Bxh6 30.
Qxh6+ Ke7 31. Re1+ Kd6 32. Qf4+ Ne5 33. Rhe3 g5 34. Qh2 f6 35. Qh6 Ng4 36. Qg7 Nxe3 37. fxe3 Re6 38. Bf5 c2 39.
Rc1 Qc5 40. Rxc2 Qxe3+ 41. Rf2 Re7 42. Qxf6+ Kc7 43. Bh3 Rae8 44. Kh1 Qe1+ 45. Kh2 Qe5+ 46. Qxe5+ Rxe5 47. Kg3 d4 0-1

[Event "SS Manhem Chess Week GM and IM tournaments 2018"]
[Site "Molnlycke kulturhus, Biblioteksgatan 2, Molnlycke, Sweden"]
[Date "2018.08.16"]
[Round "8.8"]
[White "Rydstrom, Tom"]
[Black "Antonsen, Mikkel"]
[Result "1/2-1/2"]
[TimeControl "90 minutes for 40 moves + 30 minutes for the rest of the game + 30 seconds per move from move one."]
[WhiteTitle "FM"]
[BlackTitle "IM"]
[WhiteFideId "1714830"]
[BlackFideId "1401378"]
[WhiteElo "2316"]
[BlackElo "2444"]

1. e4 e5 2. Nf3 Nf6 3. Nc3 Nc6 4. Bb5 Bd6 5. d3 h6 6. Ne2 O-O 7. Ng3 Re8 8. c3 Bf8 9. O-O a6 10.
Ba4 b5 11. Bc2 d6 12. Re1 Nb8 13. a4 Bb7 14. h3 Nbd7 15. Nh2 d5 16. axb5 axb5 17. Rxa8 Bxa8 18. Ng4 Nxg4 19. Qxg4 Nf6 20.
Qe2 c5 21. Bd2 Qb6 22. Nf5 dxe4 23. dxe4 Bb7 24. Qe3 Qe6 25. c4 bxc4 26. f3 Nh5 27. Qc3 Nf4 28. Ne3 Ba6 29. Kh2 Rd8 30.
Ra1 Qg6 31. Be1 Bc8 32. Qxc4 Qg5 33. h4 Qg6 34. g3 Ne6 35. Ba5 Rd6 36. Nf5 Ra6 37. b4 Qf6 38. Kg2 g6 39. Ne3 Nd4 40.
Bd1 Qe6 41. Qxe6 Bxe6 42. bxc5 Bxc5 43. Bc3 Rxa1 1/2-1/2

[Event "SS Manhem Chess Week GM and IM tournaments 2018"]
[Site "Molnlycke kulturhus, Biblioteksgatan 2, Molnlycke, Sweden"]
[Date "2018.08.16"]
[Round "8.9"]
[White "Nedilko, Vasily"]
[Black "Storme, Isak"]
[Result "1-0"]
[TimeControl "90 minutes for 40 moves + 30 minutes for the rest of the game + 30 seconds per move from move one."]
[WhiteTitle "IM"]
[BlackTitle "FM"]
[WhiteFideId "14101459"]
[BlackFideId "1728113"]
[WhiteElo "2369"]
[BlackElo "2279"]

1. d4 Nf6 2. c4 e6 3. Nf3 d5 4. g3 Bb4+ 5. Bd2 Bd6 6. Bg2 O-O 7. Qc2 c6 8. O-O Ne4 9. Nc3 Nxd2 10.
Nxd2 f5 11. Rab1 Qe7 12. e3 Nd7 13. a3 Nf6 14. b4 Bd7 15. b5 Bxa3 16. c5 cxb5 17. Nxb5 Bxb5 18. Rxb5 a5 19. Nf3 Bb4 20.
Ne5 Ne4 21. Ra1 Ra6 22. Bf1 Rfa8 23. Nd3 Qc7 24. Nxb4 axb4 25. Rxa6 Rxa6 26. Rxb4 Ra1 27. Rb6 Kf7 28. Qb2 Ra7 29.
Bd3 Nf6 30. Bb5 Ne4 31. Kg2 Nf6 32. h3 Ne4 33. Bd3 Nf6 34. Be2 Ne4 35. Bf3 Nf6 36. Qb1 Ke7 37. g4 g6 38. g5 Ne4 39.
Bxe4 fxe4 40. Qb5 Kf7 41. Qe2 Ra8 42. Qg4 Qe7 43. Qf4+ Kg7 44. Qe5+ Kf7 45. h4 Rc8 46. Kg3 Re8 47.
Kg4 Kg8 48. Qf6 Qd7 49. Kg3 Qc7+ 50. Kg2 Qd7 51. Rd6 Qb5 52. Kh2 Qa4 53. c6 Rf8 54. Rd8 Rxd8 55. Qxd8+ Kg7 56. Qc7+ 1-0

[Event "SS Manhem Chess Week GM and IM tournaments 2018"]
[Site "Molnlycke kulturhus, Biblioteksgatan 2, Molnlycke, Sweden"]
[Date "2018.08.16"]
[Round "8.10"]
[White "Kucuksari, Kaan"]
[Black "Pantzar, Milton"]
[Result "1-0"]
[TimeControl "90 minutes for 40 moves + 30 minutes for the rest of the game + 30 seconds per move from move one."]
[WhiteTitle "FM"]
[BlackTitle "FM"]
[WhiteFideId "6380166"]
[BlackFideId "1721003"]
[WhiteElo "2329"]
[BlackElo "2306"]

1. d4 Nf6 2. Nf3 b6 3. c4 Bb7 4. g3 e6 5. Bg2 Bb4+ 6. Bd2 Be7 7. O-O O-O 8. Nc3 c6 9. e4 d5 10.
e5 Ne4 11. cxd5 cxd5 12. Re1 Nxd2 13. Qxd2 Nc6 14. Bf1 Na5 15. Bd3 Nc4 16. Qc2 g6 17. Nd2 Rc8 18. Nxc4 dxc4 19. Be4 Bxe4 20.
Rxe4 Bb4 21. a3 Bxc3 22. bxc3 b5 23. Rae1 Qe7 24. Rb1 Qxa3 25. Qd2 a6 26. h4 Rc7 27. h5 Rb8 28. hxg6 fxg6 29.
d5 exd5 30. Qxd5+ Kg7 31. e6 Qc5 32.
Qd2 Re7 33. Rbe1 Rf8 34. Rd4 Rf5 35. Rd7 h5 36. Ra1 Rf3 37. Rxe7+ Qxe7 38. Rxa6 Rd3 39. Qe1 Rd5 40. Qe4 Qb7 41. Kh2 Qxa6 42. e7 Qa7 43.
e8=Q Qxf2+ 44. Qg2 Qxg2+ 45. Kxg2 Rf5 46. Qe7+ Kg8 47. Kh3 Kh8 48. Kh4 Kg8 49. Qd7 Kh8 50. Qd4+ Kg8 51. Qe3 Kg7 52.
Qa7+ Kg8 53. Kh3 Kh8 54. Qc7 Kg8 55. Qb8+ Kg7 56. Qb7+ Kg8 57. Qa8+ Kg7 58. Qe8 Kh7 59. Qd7+ Kg8 60.
Qb7 Kh8 61. Kh4 Kg8 62. g4 hxg4 63. Kxg4 Kh8 64. Qh1+ Kg7 65. Qh4 Rf7 66. Qh3 Rf8 67. Qh1 Rf7 68. Qg2 Rf5 69. Qh2 Rh5 70.
Qc7+ Kg8 71. Kf4 Rf5+ 72. Ke3 Kh8 73. Kd2 Kg8 74. Kc1 Kh8 75. Kb2 Kg8 76. Ka3 Kh8 77. Kb4 Kg8 78. Ka5 Kh8 79. Kb6 Kg8 80. Kc6 Kh8 81. Kd6 Kg8 82.
Ke6 Kh8 83. Qh2+ Kg7 84. Qh4 Rf7 85. Qd4+ Kg8 86. Qe3 1-0